 Dungeon Crawl Stone Soup version 0.29.1-13-g9f3cf754e1 (webtiles) character file.

Game seed: 434943299380926025

858 Descartes the Shield-Bearer (level 8, -3/93 HPs)
             Began as a Formicid Fighter on Jan 31, 2023.
             Slain by Duvessa
             ... wielding a +0 short sword
              (10 damage)
             ... on level 5 of the Dungeon.
             The game lasted 00:05:38 (4430 turns).

Descartes the Shield-Bearer (Formicid Fighter)      Turns: 4430, Time: 00:05:38

Health: -3/93      AC: 24    Str: 18    XL:     8   Next: 22%
Magic:  8/8        EV:  2    Int:  8    God:
Gold:   177        SH:  5    Dex: 13    Spells: 7/7 levels left

rFire   . . .      SeeInvis .   a - +0 war axe
rCold   . . .      Faith    .   c - +0 buckler
rNeg    + + .      Spirit   .   (body armour currently unavailable)
rPois   +          Reflect  .   (helmet unavailable)
rElec   .          Harm     .   (cloak currently unavailable)
rCorr   .          Rampage  .   (gloves currently unavailable)
Will    .....                   (boots currently unavailable)
Stlth   +.........              r - amulet "Xuimoepp" {Acrobat rPois rN++ Regen+ Str-5}
HPRegen 1.05/turn               (no ring)
MPRegen 0.11/turn               (no ring)

@: mighty, brilliant, tree-form, attractive, invisible
A: stationary, stasis, torment immunity, boosted hp, permanent stasis, dig
shafts and tunnels, (antennae 3), four strong arms
a: no special abilities


You were on level 5 of the Dungeon.
You were a tree.
You visited 1 branch of the dungeon, and saw 5 of its levels.

You collected 177 gold pieces.

Inventory:

Hand Weapons
 a - a +0 war axe (weapon)
 m - a +1 whip of holy wrath
Missiles
 i - 10 boomerangs
 w - 6 silver javelins
Armour
 b - a +0 scale mail (melded)
 c - a +0 buckler (worn)
 h - a scarf of resistance
 y - a +0 cloak (melded)
Jewellery
 l - an amulet of magic regeneration
 r - the amulet "Xuimoepp" (around neck) {Acrobat rPois rN++ Regen+ Str-5}
   (You found it on level 3 of the Dungeon)

   [amulet of the acrobat]

   It increases your evasion while moving and waiting.
   Str:       It affects your strength (-5).
   rPois:     It protects you from poison.
   rN:        It greatly protects you from negative energy.
   Regen:     It increases your rate of health regeneration.
 x - a ring of fire
Scrolls
 f - 2 scrolls of vulnerability {unknown}
 g - 3 scrolls of teleportation {unknown}
 n - a scroll of brand weapon {unknown}
 p - 2 scrolls of noise {unknown}
 q - a scroll of enchant armour {unknown}
 t - a scroll of poison {unknown}
 u - a scroll of identify {unknown}
 z - a scroll of blinking {unknown}
Potions
 e - a potion of invisibility
 j - 4 potions of lignification
 k - a potion of attraction
 o - a potion of flight {unknown}


   Skills:
 + Level 5.1 Fighting
 + Level 3.9 Axes
 + Level 5.0 Armour
 + Level 6.3 Shields
 + Level 3.0 Translocations
 + Level 3.5 Evocations


You had 7 spell levels left.
You didn't know any spells.
Your spell library contained the following spells:

 Spells                   Type           Power      Damage    Failure   Level
 Gell's Gravitas          Tloc           7%         N/A       41%         3
 Teleport Other           Tloc           7%         N/A       41%         3
 Shock                    Conj/Air       0%         1d3       45%         1
 Airstrike                Air            0%         2d(0-16)  99%         4
 Dispersal                Tloc           3%         N/A       100%        6
 Malign Gateway           Summ/Tloc      1%         N/A       100%        7
 Summon Horrible Things   Summ           0%         N/A       100%        8
 Swiftness                Air            Unusable   N/A       N/A         3

Dungeon Overview and Level Annotations

Branches:
Dungeon (5/15)
 Temple: D:4-7

Altars:

Annotations:
D:5 Duvessa


Innate Abilities, Weirdness & Mutations

You are a tree.
Your roots penetrate the ground, keeping you stationary.
You cannot be teleported.
You are immune to unholy pain and torment.
Your maximum health is greatly increased.
Your equipment is partially melded.
You cannot be hasted, slowed, berserked, paralysed or teleported.
You can dig through walls and to a lower floor.
((You have a pair of large antennae on your head. (SInv)))
Your four strong arms can wield two-handed weapons with a shield.


Message History

The phantom hits you but does no damage.
Duvessa hits you but does no damage.
It was a potion of invisibility.
You fade into invisibility!
Duvessa hits you but does no damage.
The phantom hits you but does no damage.
It was a potion of attraction.
You feel attractive to monsters. You block Duvessa's attack.
The phantom hits you.
* * * LOW HITPOINT WARNING * * *
Duvessa hits you but does no damage.
You catch the helpless Duvessa completely off-guard!
You slice Duvessa!!
Duvessa is severely wounded.
You miss the phantom. Duvessa hits you with a +0 short sword.
* * * LOW HITPOINT WARNING * * *
The phantom hits you.
* * * LOW HITPOINT WARNING * * *
Duvessa hits you with a +0 short sword!
* * * LOW HITPOINT WARNING * * *
The phantom hits you but does no damage.
You feel better. Duvessa hits you but does no damage.
The phantom hits you but does no damage.
You hit Duvessa but do no damage.
Duvessa is severely wounded.
You barely miss the phantom.
Duvessa is no longer moving quickly.
You block Duvessa's attack. Duvessa hits you but does no damage.
The phantom hits you.
* * * LOW HITPOINT WARNING * * *
You slash Duvessa!
Duvessa is almost dead.
You slash the phantom!
You destroy the phantom!
Duvessa hits you but does no damage. Duvessa hits you with a +0 short sword!
* * * LOW HITPOINT WARNING * * *
Your Translocations skill increases to level 3!
It was a potion of brilliance.
You feel clever all of a sudden. Duvessa hits you with a +0 short sword!
You die...

##..####...........###
$....#............##
........####.#..#>####
..#...).....##...###.#
..##.....#.#.........####
...#.....#....#S.)......##
..####.####..####.).#....###
... #..# ###..##e#.####....#
.........#.....)♣†..#####..#
.....###....###....##......#
(.... ....##.....##......#
.... ............##..####
..# ............#....## .#
....##...##.......# .## ..##
#..####.#...## ..#.. . ##.#
#.......# ...# ### #..#....#


You could see Duvessa (berserk, unable to see you).

Vanquished Creatures
  Sigmund (D:3)
  A black bear (D:5)
  A phantom (D:5)
  The ghost of Peloso the Covered, a weakling MiFi (D:3)
  Dowan (D:5)
  A hound (D:4)
  A jelly (D:4)
  A gnoll bouda (D:4)
  2 iguanas (D:5)
  An orc wizard (D:5)
  Natasha (thrice) (D:2)
  Robin (D:2)
  8 adders
  3 gnolls (D:5)
  A white imp (D:5)
  An ufetubus (D:5)
  2 worms
  2 dart slugs
  7 orcs
  5 endoplasms
  2 giant cockroaches
  14 goblins
  13 hobgoblins
  2 quokkas
  3 ball pythons
  4 bats
  3 frilled lizards
  4 kobolds
  3 rats
92 creatures vanquished.

Notes
Turn   | Place    | Note
-------+----------+-------------------------------------------
     0 | D:1      | Descartes the Formicid Fighter began the quest for the Orb.
     0 | D:1      | Reached XP level 1. HP: 18/18 MP: 1/1
   207 | D:1      | Reached XP level 2. HP: 24/24 MP: 2/2
   993 | D:2      | Reached XP level 3. HP: 28/29 MP: 3/3
  1086 | D:2      | Reached skill level 1 in Evocations
  1279 | D:2      | Noticed Natasha
  1286 | D:2      | Reached skill level 1 in Translocations
  1286 | D:2      | Reached XP level 4. HP: 33/36 MP: 4/4
  1292 | D:2      | Killed Natasha
  1678 | D:2      | Noticed Natasha
  1682 | D:2      | Reached XP level 5. HP: 42/42 MP: 5/5
  1687 | D:2      | Killed Natasha
  1737 | D:2      | Found a faded altar of an unknown god.
  1812 | D:2      | Noticed Natasha
  1819 | D:2      | Killed Natasha
  2339 | D:3      | Noticed Sigmund
  2385 | D:3      | Noticed Robin
  2472 | D:2      | Reached skill level 5 in Shields
  2474 | D:2      | Killed Robin
  2475 | D:2      | Reached XP level 6. HP: 16/48 MP: 6/6
  2710 | D:3      | Found a runed translucent door.
  2710 | D:3      | Noticed Peloso's ghost (weakling MiFi)
  2874 | D:3      | Identified the amulet "Xuimoepp" {Acrobat rPois rN++ Regen+
                  | Str-5}
  3004 | D:3      | Killed Peloso's ghost
  3198 | D:3      | Killed Sigmund
  3199 | D:3      | Reached XP level 7. HP: 45/55 MP: 7/7
  3986 | D:5      | Entered Level 5 of the Dungeon
  4272 | D:5      | Reached skill level 6 in Shields
  4330 | D:4      | Reached XP level 8. HP: 37/61 MP: 8/8
  4373 | D:5      | Noticed Dowan
  4375 | D:5      | Noticed Duvessa
  4416 | D:5      | Killed Dowan
  4417 | D:5      | Reached skill level 5 in Fighting
  4417 | D:5      | Reached skill level 5 in Armour
  4430 | D:5      | Slain by Duvessa

Illustrated notes

Levels and vault maps discovered:
D:1:      dpeg_arrival_stone_temple_mockup, layout_loops_ring,
          minmay_door_square
D:2:      layout_rooms, chequers_ecumenical_altar_grove, uniq_natasha
D:3:      layout_rooms, hellmonk_ghost_happy_afterlife, uniq_sigmund, uniq_robin
D:4:      layout_gridville, minivault_11
D:5:      layout_cave_pools, uniq_duvessa

Skill      XL: |  1  2  3  4  5  6  7  8 |
---------------+-------------------------+-----
Evocations     | 1 2 3 |  3.5
Translocations | 1 2 3 |  3.0
Fighting       | 4 5 |  5.1
Armour         | 4 5 |  5.0
Shields        | 5 6 |  6.3
Axes           | 3 |  3.9

Action                   |  1- 3 |  4- 6 |  7- 9 || total
-------------------------+-------+-------+-------++-------
Melee: War axe           |    54 |   114 |   128 ||   296
  Use: Potion            |       |       |     8 ||     8
 Stab: Invisible         |       |       |     1 ||     1
Armor: Scale mail        |    34 |    61 |    63 ||   158
       Skin              |       |       |    32 ||    32
Dodge: Dodged            |    26 |    64 |   110 ||   200
Block: Buckler           |    19 |    31 |    76 ||   126
